 Dungeon Crawl Stone Soup version 0.29-a0-410-g9596d59a08 (webtiles) character file.

Game seed: 9163837468421072976

149 Bruhh the Insei (level 5, -2/40 HPs)
             Began as a Gnoll Transmuter on May 14, 2022.
             Killed from afar by a white imp (5 damage)
             ... with a puff of frost
             ... on level 3 of the Dungeon.
             The game lasted 00:04:16 (3620 turns).

Bruhh the Insei (Gnoll Transmuter)                  Turns: 3620, Time: 00:04:16

Health: -2/40      AC: -2    Str: 10    XL:     5   Next: 31%
Magic:  9/12       EV: 22    Int: 14    God:
Gold:   87         SH:  0    Dex: 17    Spells: 8/14 levels left

rFire   . . .      SeeInvis .     - Unarmed
rCold   . . .      Faith    .   (shield currently unavailable)
rNeg    . . .      Spirit   .   (body armour currently unavailable)
rPois   x          Reflect  .   (helmet currently unavailable)
rElec   .          Harm     .   (cloak currently unavailable)
rCorr   .          Rampage  .   (gloves currently unavailable)
Will    .....                   (boots currently unavailable)
Stlth   ++........              (no amulet)
HPRegen 0.13/turn               (no ring)
MPRegen 0.13/turn               (no ring)

@: mighty, spider-form (expiring), corroded
A: venomous fangs, tiny, (fangs 1), strong nose, distributed training
a: End Transformation


You were on level 3 of the Dungeon.
You were a venomous arachnid creature.
You visited 1 branch of the dungeon, and saw 4 of its levels.

You collected 87 gold pieces.

Inventory:

Armour
 a - a +0 robe (melded)
 q - the +0 helmet of Divine Compulsion {Harm +Blink SInv}
   (You found it on level 3 of the Dungeon)

   SInv:      It lets you see invisible.
   +Blink:    It lets you blink.
   Harm:      It increases damage dealt and taken.
Jewellery
 e - a ring of ice
Wands
 i - a wand of acid (2)
 k - a wand of iceblast (10)
Scrolls
 b - 2 scrolls of identify {unknown}
 c - a scroll of noise {unknown}
 d - 3 scrolls of vulnerability {unknown}
 g - a scroll of teleportation {unknown}
 j - a scroll of fog {unknown}
 l - a scroll of immolation {unknown}
Potions
 f - 2 potions of might
 h - a potion of degeneration {unknown}
 m - 2 potions of resistance {unknown}
 n - a potion of haste {unknown}
 o - 2 potions of attraction {unknown}
 p - 2 potions of curing {unknown}


   Skills:
 + Level 2.9 Fighting
 + Level 1.4 Short Blades
 + Level 1.4 Long Blades
 + Level 1.4 Axes
 + Level 1.4 Maces & Flails
 + Level 1.4 Polearms
 + Level 1.4 Staves
 + Level 1.4 Slings
 + Level 1.4 Bows
 + Level 1.4 Crossbows
 + Level 1.4 Throwing
 + Level 1.4 Armour
 + Level 4.7 Dodging
 + Level 1.4 Stealth
 + Level 1.4 Shields
 + Level 6.7 Unarmed Combat
 + Level 5.2 Spellcasting
 + Level 1.1 Conjurations
 + Level 1.1 Hexes
 + Level 1.1 Summonings
 + Level 1.1 Necromancy
 + Level 1.1 Translocations
 + Level 3.9 Transmutations
 + Level 1.1 Fire Magic
 + Level 1.1 Ice Magic
 + Level 1.1 Air Magic
 + Level 1.1 Earth Magic
 + Level 1.1 Poison Magic
 + Level 1.6 Invocations
 + Level 1.4 Evocations


You had 8 spell levels left.
You knew the following spells:

 Your Spells              Type           Power      Damage    Failure   Level
a - Beastly Appendage     Tmut           28%        N/A       11%         1
b - Wereblood             Tmut           14%        N/A       14%         2
c - Spider Form           Tmut/Pois      10%        N/A       38%         3

Your spell library contained the following spells:

 Spells                   Type           Power      Damage    Failure   Level
 Freeze                   Ice            24%        1d5       26%         1
 Frozen Ramparts          Ice            12%        1d3       54%         3
 Ice Form                 Ice/Tmut       10%        N/A       73%         4
 Hailstorm                Conj/Ice       6%         3d4       87%         4


Dungeon Overview and Level Annotations

Branches:
Dungeon (4/15)
 Temple: D:4-7

Altars:


Innate Abilities, Weirdness & Mutations

You are a venomous arachnid creature.
You have poisonous fangs.
You are tiny and dextrous.
Your spellcasting is less reliable in this form.
Your armour is entirely melded.
You are incapable of wielding weapons or throwing items.
((You have very sharp teeth.))
Your uncanny sense of smell can sniff out nearby items.
Your experience applies equally to all skills.


Message History

You see here a +0 dagger.
You see here a +0 hand axe.
There is a stone staircase leading down here.
You climb downwards.
You hear the hiss of flowing sand.
There is an entrance to an ossuary on this level.
Hurry and find it before the portal is buried!
You hear the slow hiss of a distant avalanche of sand.
The jelly quivers.
The hobgoblin shouts!
The orc shouts!
The dart slug launches a dart at you. The slug dart misses you.
The hobgoblin hits you.
There is a stone staircase leading up here.
You can't go down here!
The white imp barely misses you. The orc closely misses you.
The jelly hits you. The acid corrodes you!
You are splashed with acid.
The hobgoblin hits you.
You climb upwards.
There is a stone staircase leading down here.
Casting: Beastly Appendage (safe; 3% risk of failure)
Confirm with . or Enter, or press ? or * to list all spells.
The spell is quite dangerous to miscast (19% risk of failure)!
Continue anyway?
You turn into a venomous arachnid creature.
Your +0 robe melds into your body.
The white imp hits you. The white imp freezes you.
The hobgoblin completely misses you.
You barely miss the white imp. You hit the white imp.
The white imp is heavily wounded.
The white imp hits you. The white imp freezes you.
The hobgoblin closely misses you.
You hit the white imp.
The white imp is heavily wounded.
The white imp gestures at you. The puff of frost hits you!
* * * LOW HITPOINT WARNING * * *
The hobgoblin completely misses you.
It was a potion of might.
You feel very mighty all of a sudden.
Your transformation is almost over.
The white imp gestures at you. The puff of frost hits you.
You die...

# # #############
###...........#
..............#
###...........#
..............#
..............#
...######.########
..)...........Jgs#
.###.####.######5# .#
#.###......##o########### .#
#...+.....['............#
.#######......##.#########.#
......................####.#
..............##.####.#.##.#
..######......##.##...#<##.#
..### ##.#.####.##.#.#.##.#


You could see a jelly, a white imp, an orc and a hobgoblin.

Vanquished Creatures
  A jelly (D:3)
  4 adders
  A white imp (D:3)
  A worm (D:2)
  4 dart slugs
  4 orcs (D:3)
  6 ball pythons
  3 endoplasms
  A giant cockroach (D:1)
  3 goblins
  4 hobgoblins
  9 jackals
  2 kobolds
  4 quokkas
  3 bats
  2 frilled lizards
  8 rats
60 creatures vanquished.

Notes
Turn   | Place    | Note
-------+----------+-------------------------------------------
     0 | D:1      | Bruhh the Gnoll Transmuter began the quest for the Orb.
     0 | D:1      | Reached XP level 1. HP: 17/17 MP: 6/6
     2 | D:1      | Noticed a demonspawn
     2 | D:1      | Noticed a demigod
     4 | D:1      | Noticed a vampire
     6 | D:1      | Noticed a ghoul
     8 | D:1      | Noticed a naga
     8 | D:1      | Noticed a gargoyle
    10 | D:1      | Noticed a troll
    12 | D:1      | Noticed a merfolk
    14 | D:1      | Noticed an ogre
    14 | D:1      | Noticed a minotaur
    16 | D:1      | Noticed a tengu
    16 | D:1      | Noticed a human
    18 | D:1      | Noticed a spriggan
    18 | D:1      | Noticed a formicid
    20 | D:1      | Noticed a draconian
    20 | D:1      | Noticed an octopode
    22 | D:1      | Noticed a dwarf
    22 | D:1      | Noticed a felid
    24 | D:1      | Noticed a vine stalker
    24 | D:1      | Noticed an elf
    51 | D:1      | Found a faded altar of an unknown god.
   242 | D:1      | Reached XP level 2. HP: 4/23 MP: 7/7
  1038 | D:1      | Reached XP level 3. HP: 28/28 MP: 7/9
  1367 | D:2      | Reached skill level 5 in Spellcasting
  1473 | D:2      | Learned a level 2 spell: Wereblood
  1477 | D:2      | Learned a level 3 spell: Spider Form
  1719 | D:2      | Reached skill level 1 in Invocations
  2084 | D:2      | Reached skill level 1 in Short Blades
  2084 | D:2      | Reached skill level 1 in Long Blades
  2084 | D:2      | Reached skill level 1 in Axes
  2084 | D:2      | Reached skill level 1 in Maces & Flails
  2084 | D:2      | Reached skill level 1 in Polearms
  2084 | D:2      | Reached skill level 1 in Staves
  2084 | D:2      | Reached skill level 1 in Slings
  2084 | D:2      | Reached skill level 1 in Bows
  2084 | D:2      | Reached skill level 1 in Crossbows
  2084 | D:2      | Reached skill level 1 in Throwing
  2084 | D:2      | Reached skill level 1 in Armour
  2084 | D:2      | Reached skill level 1 in Stealth
  2084 | D:2      | Reached skill level 1 in Shields
  2084 | D:2      | Reached skill level 1 in Evocations
  2302 | D:3      | Reached XP level 4. HP: 31/34 MP: 9/11
  2622 | D:3      | Reached skill level 1 in Conjurations
  2622 | D:3      | Reached skill level 1 in Hexes
  2622 | D:3      | Reached skill level 1 in Summonings
  2622 | D:3      | Reached skill level 1 in Necromancy
  2622 | D:3      | Reached skill level 1 in Translocations
  2622 | D:3      | Reached skill level 1 in Fire Magic
  2622 | D:3      | Reached skill level 1 in Ice Magic
  2622 | D:3      | Reached skill level 1 in Air Magic
  2622 | D:3      | Reached skill level 1 in Earth Magic
  2622 | D:3      | Reached skill level 1 in Poison Magic
  2625 | D:3      | Reached XP level 5. HP: 10/40 MP: 8/12
  2982 | D:3      | Identified the +0 helmet of Divine Compulsion {Harm +Blink
                  | SInv}
  3493 | D:4      | Noticed a phantom
  3620 | D:3      | Killed from afar by a white imp

Illustrated notes

Levels and vault maps discovered:
D:1:      kb_arrival_jail, layout_basic, chequers_ecumenical_altar_grove,
          st_stairs_12, hangedman_decor_growths, minmay_door_square,
          minmay_misc_feat_alley, minmay_misc_feat_roman
D:2:      layout_loops_ring
D:3:      layout_basic, minmay_cut_off
D:4:      layout_rooms, minmay_temple_entry_junction, serial_shops,
          nicolae_diamond_shop, nicolae_ossuary_entry_ruins,
          kennysheep_flooded_box, hangedman_abyss_or_decor_lesser_grid,
          minmay_ruptured

Skill      XL: |  1  2  3  4 |
---------------+-------------+-----
Spellcasting   | 5 |  5.2
Invocations    | 1 |  1.6
Short Blades   | 1 |  1.4
Long Blades    | 1 |  1.4
Axes           | 1 |  1.4
Maces & Flails | 1 |  1.4
Polearms       | 1 |  1.4
Staves         | 1 |  1.4
Slings         | 1 |  1.4
Bows           | 1 |  1.4
Crossbows      | 1 |  1.4
Throwing       | 1 |  1.4
Armour         | 1 |  1.4
Stealth        | 1 |  1.4
Shields        | 1 |  1.4
Evocations     | 1 |  1.4
Conjurations   | 1 |  1.1
Hexes          | 1 |  1.1
Summonings     | 1 |  1.1
Necromancy     | 1 |  1.1
Translocations | 1 |  1.1
Fire Magic     | 1 |  1.1
Ice Magic      | 1 |  1.1
Air Magic      | 1 |  1.1
Earth Magic    | 1 |  1.1
Poison Magic   | 1 |  1.1
Fighting       | |  2.9
Dodging        | |  4.7
Unarmed Combat | |  6.7
Transmutations | |  3.9

Action                   |  1- 3 |  4- 6 || total
-------------------------+-------+-------++-------
Melee: Unarmed           |    74 |    59 ||   133
       Kick              |    19 |    17 ||    36
       Headbutt          |     9 |     3 ||    12
       Bite              |       |     2 ||     2
 Cast: Beastly Appendage |    27 |    23 ||    50
       Spider Form       |       |     2 ||     2
  Use: Potion            |     1 |     1 ||     2
 Stab: Sleeping          |     1 |     3 ||     4
Armor: Skin              |     5 |     3 ||     8
       Robe              |     8 |     2 ||    10
Dodge: Dodged            |    48 |    48 ||    96

Table legend: (Time is in decaauts)
 A = Elapsed time spent in this place.
 B = Non-inter-level travel time spent in this place.
 C = Inter-level travel time spent in this place.
 D = Time resting spent in this place.
 E = Time spent auto-exploring this place.
 F = Levels seen in this place.
 G = Mean time per level.
                   A        B        C        D        E       F      G
               +--------+--------+--------+--------+--------+-----+--------+
         Total |   3606 |   3407 |    199 |    200 |   2761 |   4 |  901.5 |
       Dungeon |   3606 |   3407 |    199 |    200 |   2761 |   4 |  901.5 |
               +--------+--------+--------+--------+--------+-----+--------+

Top non-repeatable levels by time:
     D:3: 1334 daAuts
     D:1: 1312 daAuts
     D:2: 941 daAuts
     D:4: 17 daAuts
